 Dungeon Crawl Stone Soup version 0.27-a0-1144-g0b7d3b79db (webtiles) character file.

Game seed: 5757441809615885029

124679 HoaS the Sharpshooter (level 16, -7/101 HPs)
             Began as a Gargoyle Gladiator on May 9, 2021.
             Was the Champion of Okawaru.
             Mangled by an ogre
             ... wielding a +0 giant spiked club
              (12 damage)
             ... on level 15 of the Dungeon on May 10, 2021.
             The game lasted 01:16:57 (25833 turns).

HoaS the Sharpshooter (Gargoyle Gladiator)         Turns: 25833, Time: 01:16:57

Health: -7/101     AC: 36    Str: 23    XL:     16   Next: 93%
Magic:  0/23       EV: 14    Int: 10    God:    Okawaru [******]
Gold:   1564       SH:  0    Dex: 12    Spells: 15/15 levels left

rFire    . . .     SeeInvis .   w - +3 quarterstaff (flame)
rCold    . . .     Faith    .   (shield currently unavailable)
rNeg     + . .     Spirit   +   n - +4 chain mail of Walitita {+Blink rElec rCorr Stlth-}
rPois    ∞         Reflect  .   c - +2 helmet
rElec    +         Harm     .   h - +2 cloak
rCorr    +         Rampage  .   (no gloves)
Will     +....                  G - +2 pair of boots
Stlth    ..........             j - amulet of guardian spirit
HPRegen  0.26/turn              x - +4 ring of evasion
MPRegen  0.18/turn              a - +4 ring of slaying

@: flying, slowed, very slow
A: sickness immunity, AC +12, big wings, negative energy resistance 1,
electricity resistance, torment resistance 1, petrification resistance
a: Renounce Religion, Evoke Blink, Heroism, Finesse


You were on level 15 of the Dungeon.
You worshipped Okawaru.
Okawaru was exalted by your worship.
You visited 4 branches of the dungeon, and saw 23 of its levels.
You also visited: Ossuary.

You collected 2364 gold pieces.
You spent 800 gold pieces at shops.

Inventory:

Hand Weapons
 q - a +1 vorpal arbalest
 w - a +3 quarterstaff of flaming (weapon)
Missiles
 s - 215 bolts
 J - 4 curare-tipped darts
 O - 4 boomerangs of dispersal
Armour
 c - a +2 helmet (worn)
 h - a +2 cloak (worn)
 n - the +4 chain mail of Walitita (worn) {+Blink rElec rCorr Stlth-}
   (You found it on level 7 of the Dungeon)

   It insulates you from electricity.
   It lets you blink.
   It protects you from acid and corrosion.
   It makes you less stealthy.
 G - a +2 pair of boots (worn)
Jewellery
 a - a +4 ring of slaying (right hand)
 g - a ring of see invisible
 j - an amulet of guardian spirit (around neck)
 o - the ring of Beauty {Fire Slay+3}
   (You found it on level 6 of the Dungeon)

   [ring of fire]

   It enhances your fire magic.
   It affects your accuracy and damage with ranged weapons and melee attacks
   (+3).
   It protects you from fire.
   It makes you vulnerable to cold.
 r - a ring of willpower
 x - a +4 ring of evasion (left hand)
 z - a ring of protection from fire
Wands
 d - a wand of mindburst (25) (quivered)
 e - a wand of iceblast (22)
 p - a wand of digging (4)
 y - a wand of flame (137)
 E - a wand of polymorph (13)
 K - a wand of charming (16)
 N - a wand of acid (9)
Scrolls
 t - 12 scrolls of teleportation
 B - 4 scrolls of identify
 C - 2 scrolls of holy word
 F - a scroll of fog
 I - a scroll of fear
Potions
 b - 4 potions of flight
 f - 9 potions of curing
 i - 4 potions of lignification
 k - 3 potions of attraction
 l - 3 potions of resistance
 m - 4 potions of might
 u - 4 potions of mutation
 v - 2 potions of ambrosia
 A - 2 potions of haste
 H - 2 potions of berserk rage
 L - a potion of invisibility
 M - a potion of heal wounds
 P - a potion of cancellation


   Skills:
 * Level 12.0 Fighting
 - Level 14.0 Staves
 - Level 18.0 Crossbows
 - Level 1.7 Throwing
 + Level 7.2 Armour
 + Level 6.1 Dodging
 - Level 9.5 Invocations


You had 15 spell levels left.
You didn't know any spells.
Your spell library contained the following spells:

 Spells                   Type           Power      Damage    Failure   Level
 Apportation              Tloc           0%         N/A       94%         1
 Corona                   Hex            0%         N/A       94%         1
 Magic Dart               Conj           0%         1d3       94%         1
 Sandblast                Erth           0%         2d4       94%         1
 Blink                    Tloc           N/A        N/A       98%         2
 Call Imp                 Summ           0%         N/A       98%         2
 Ensorcelled Hibernation  Hex/Ice        0%         N/A       98%         2
 Passwall                 Tmut/Erth      0%         N/A       98%         2
 Slow                     Hex            0%         N/A       98%         2
 Confusing Touch          Hex            0%         N/A       100%        3
 Conjure Flame            Conj/Fire      0%         6-21      100%        3
 Dazzling Flash           Conj/Hex       0%         N/A       100%        3
 Inner Flame              Hex/Fire       0%         N/A       100%        3
 Lesser Beckoning         Tloc           0%         N/A       100%        3
 Mephitic Cloud           Conj/Pois/Air  0%         N/A       100%        3
 Portal Projectile        Hex/Tloc       0%         N/A       100%        3
 Stone Arrow              Conj/Erth      0%         3d7       100%        3
 Tukima's Dance           Hex            0%         N/A       100%        3
 Animate Armour           Summ/Erth      0%         N/A       100%        4
 Cause Fear               Hex            0%         N/A       100%        4
 Leda's Liquefaction      Hex/Erth       0%         N/A       100%        4
 Petrify                  Tmut/Erth      0%         N/A       100%        4
 Alistair's Intoxication  Tmut/Pois      0%         N/A       100%        5
 Borgnjor's Vile Clutch   Necr/Erth      0%         N/A       100%        5
 Lee's Rapid Deconstruct  Erth           0%         3d5*      100%        5
 Silence                  Hex/Air        0%         N/A       100%        5
 Invisibility             Hex            0%         N/A       100%        6
 Shadow Creatures         Summ           N/A        N/A       100%        6


Dungeon Overview and Level Annotations

Branches:
Dungeon (13/15)            Temple (1/1) D:5            Lair (6/6) D:10
 Shoals (0/4) Lair:2       Spider (0/4) Lair:3        Slime (0/5) Lair:5
    Orc (2/2) D:9             Elf (0/3) Orc:2        Depths (0/5) D:15
Ossuary (visited)
 Vaults: D:13-14

Altars:
Ashenzari
Cheibriados
Dithmenos
Elyvilon
Fedhas
Gozag
Hepliaklqana
Kikubaaqudgha
Makhleb
Nemelex Xobeh
Okawaru
Qazlal
Ru
Sif Muna
Trog
Uskayaw
Vehumet
Wu Jian
Xom
Yredelemnul
Zin
The Shining One
Beogh

Shops:
D:1 =   D:7 :   D:9 (   D:12 *   Orc:1 [   Orc:2 !![(


Innate Abilities, Weirdness & Mutations

You are immune to sickness and miasma.
Your stone body is resilient. (AC +12)
You are immune to poison.
Your large and strong wings let you fly.
You resist negative energy. (rN+)
You are resistant to electric shocks. (rElec)
You are resistant to unholy torment.
You are immune to petrification.


Message History

The vampire mosquito barely misses you.
The vampire mosquito bites you but does no damage.
The fire elemental misses you. The fire elemental hits you.
The fire elemental burns you! The ogre misses you.
The deep elf pyromancer casts a spell at you.
The bolt of fire hits you!!
The vampire mosquito bites you but does no damage. x2
You closely miss the deep elf pyromancer.
The deep elf pyromancer is heavily wounded.
The fire elemental misses you. The fire elemental hits you.
The vampire mosquito closely misses you.
The ogre hits you with a +0 giant spiked club.
The vampire mosquito bites you. The fire elemental hits you.
The fire elemental burns you!
The deep elf pyromancer closely misses you.
You closely miss the deep elf pyromancer.
The deep elf pyromancer is heavily wounded.
The vampire mosquito closely misses you. x2
The fire elemental hits you. The fire elemental burns you!
The ogre hits you with a +0 giant spiked club!!
* * * LOW HITPOINT WARNING * * *
The vampire mosquito bites you but does no damage.
The vampire mosquito barely misses you. The fire elemental hits you.
The fire elemental completely misses you.
You hit the deep elf pyromancer. You burn the deep elf pyromancer.
The deep elf pyromancer is severely wounded.
The vampire mosquito bites you but does no damage. x2
The ogre hits you but does no damage.
The deep elf pyromancer hits you but does no damage.
The fire elemental hits you. The fire elemental burns you!
* * * LOW HITPOINT WARNING * * *
The vampire mosquito closely misses you.
The fire elemental closely misses you.
The vampire mosquito bites you but does no damage.
You don't have enough magic at the moment.
You don't have enough magic at the moment.
You hit the deep elf pyromancer. You burn the deep elf pyromancer.
The deep elf pyromancer is severely wounded.
The ogre hits you with a +0 giant spiked club!
You die...

,,,,,,,,,###################*,*
*,******,...................,,*
***,,*,**...................,,*
,**,,,,,*...................,,*
,,*,**,**#..................,,*
,,,,**,,*#..................,,*
,,***,,,*#..................,,*
,***,,***......EyE..........,,*
****,**,,......e@...........,,*
***,,,***####..yO...........,,*
,*,,,,,* #..#############*,*
,*,,,,,* #$.* *,* ,**,,,** #..*
*,* ,***,** #.,* *,*
,***+*******#.,**************,*
,,,,,,,,,,,,,,,,,,,,,,,,,,,,,,*
,,,,,,,,,,,,,,,,,,,,,,,,,,,,,,*


You could see a deep elf pyromancer, 2 fire elementals, 2 vampire mosquitoes and
an ogre (fast).

Vanquished Creatures
  Kirke (D:13)
  3 orc warlords (Orc:2)
  The ghost of Armakuni the Spear-Bearer, a journeyman MfMo of the Shining One (Lair:1)
  A fire dragon (Lair:6)
  Snorg (D:11)
  Josephine (D:10)
  Harold (D:7)
  A yaktaur captain (D:12)
  11 hydras
  A death knight (D:13)
  Erica (Orc:1)
  An ogre mage (D:15)
  9 two-headed ogres
  The ghost of Cralpanu the Firebug, a novice NaFE of Vehumet (D:9)
  A centaur warrior (D:12)
  2 tengu warriors
  Sonja (D:11)
  4 orc high priests (Orc:2)
  Urug (D:13)
  A skeletal warrior (D:13)
  The ghost of ThereIsNoGod the Martial Artist, a novice OpFi of Okawaru (D:7)
  The ghost of crasatator the Grappler, a novice TrMo of Okawaru (D:6)
  A phantasmal warrior (D:13)
  2 lindwurms (Lair:6)
  3 orc knights (Orc:2)
  2 deep elf pyromancers
  5 orc sorcerers (Orc:2)
  3 cyclopes
  An oklob plant (Lair:1)
  An ugly thing (D:13)
  A wolf spider (Lair:6)
  An elephant (Lair:1)
  Maurice (D:13)
  3 black mambas
  Maggie (D:6)
  5 torpor snails (Lair:6)
  A gargoyle (D:12)
  18 cane toads
  10 komodo dragons
  8 rime drakes
  2 freezing wraiths (D:13)
  11 polar bears
  A jumping spider (Lair:3)
  3 tyrant leeches (Lair:6)
  6 trolls
  8 hornets (Lair:6)
  9 dream sheep
  2 slime creatures (D:12)
  Grinder (D:6)
  Prince Ribbit (D:7)
  9 blink frogs (Lair:6)
  Sigmund (D:6)
  3 shadows
  5 wyverns
  6 basilisks
  34 yaks
  8 wraiths
  A human (shapeshifter) (D:12)
  9 vampire mosquitoes
  Menkaure (D:6)
  14 wargs
  8 water moccasins
  19 hell hounds (Lair:6)
  A sky beast (D:5)
  4 ice beasts (D:6)
  45 orc warriors
  13 black bears
  18 wolves
  4 boggarts (Lair:5)
  11 centaurs
  12 ogres
  A necrophage (D:6)
  2 phantoms
  2 kobold brigands
  3 elf zombies
  15 bullfrogs
  A gnoll sergeant (D:9)
  3 elf skeletons (D:4)
  2 scorpions
  A water moccasin skeleton (D:6)
  3 electric eels (D:10)
  3 killer bees (D:8)
  13 wights
  6 howler monkeys
  A bullfrog zombie (D:5)
  4 centaur zombies
  A gnoll shaman (D:5)
  2 hounds
  2 centaur skeletons
  27 orc priests
  A jelly (D:7)
  3 human skeletons (D:4)
  An iguana (D:5)
  11 hell rats
  19 orc wizards
  A bullfrog simulacrum (D:6)
  6 hound zombies
  A hound skeleton (D:5)
  4 mummies
  A howler monkey zombie (D:10)
  2 killer bee simulacra (D:6)
  16 gnolls
  6 river rats
  5 adders
  2 shadow imps
  2 white imps (D:6)
  2 ufetubi
  6 adder zombies (Ossuary)
  An adder skeleton (D:5)
  4 worms
  3 dart slugs
  114 orcs
  7 ball pythons
  7 endoplasms
  5 giant cockroaches
  5 goblins
  2 hobgoblins (D:2)
  4 jackals (D:4)
  4 quokkas
  7 bats
  3 frilled lizards
  2 gnoll zombies (Ossuary)
  3 goblin zombies (Ossuary)
  3 hobgoblin zombies (Ossuary)
  5 jackal zombies (Ossuary)
  17 kobolds
  6 kobold zombies (Ossuary)
  4 orc skeletons (D:4)
  4 orc zombies
  A quokka zombie (Ossuary)
  12 rats
  2 rat zombies (Ossuary)
789 creatures vanquished.

Vanquished Creatures (others)
  19 fungi
  58 plants
77 creatures vanquished.

Grand Total: 866 creatures vanquished

Notes
Turn   | Place    | Note
-------+----------+-------------------------------------------
     0 | D:1      | HoaS the Gargoyle Gladiator began the quest for the Orb.
     0 | D:1      | Reached XP level 1. HP: 12/12 MP: 1/1
   443 | D:1      | Found Urimehid's Jewellery Boutique.
   456 | D:1      | Reached XP level 2. HP: 17/17 MP: 2/2
   546 | D:1      | Found a faded altar of an unknown god.
   901 | D:2      | You fall into a shaft and drop 2 floors!
   986 | D:4      | Noticed an ogre
   999 | D:4      | Killed an ogre
  1000 | D:4      | Reached skill level 5 in Staves
  1000 | D:4      | Reached XP level 3. HP: 17/21 MP: 3/3
  1000 | D:4      | Reached XP level 4. HP: 21/26 MP: 4/4
  1113 | D:4      | Reached XP level 5. HP: 27/30 MP: 5/5
  1246 | D:4      | Found a sand-covered staircase.
  1262 | D:4      | Reached XP level 6. HP: 28/35 MP: 6/6
  1349 | D:4      | Reached XP level 7. HP: 21/40 MP: 7/7
  1546 | D:4      | Found an ancient bone altar of Kikubaaqudgha.
  1546 | D:4      | Found a radiant altar of Vehumet.
  1548 | D:4      | Found a sacrificial altar of Ru.
  3525 | D:5      | Entered Level 5 of the Dungeon
  3596 | D:5      | Reached skill level 1 in Crossbows
  3691 | D:5      | Found a sand-covered staircase.
  3698 | Ossuary  | Entered an ossuary
  3727 | Ossuary  | Reached skill level 2 in Crossbows
  3757 | Ossuary  | Reached XP level 8. HP: 37/44 MP: 8/8
  3868 | Ossuary  | Reached skill level 3 in Crossbows
  4270 | D:5      | Found a staircase to the Ecumenical Temple.
  4279 | Temple   | Entered the Ecumenical Temple
  4341 | Temple   | Became a worshipper of Warmaster Okawaru
  4364 | D:5      | Reached skill level 4 in Crossbows
  4364 | D:5      | Reached skill level 1 in Invocations
  4814 | D:5      | Reached XP level 9. HP: 46/48 MP: 9/11
  4890 | D:5      | Reached skill level 10 in Staves
  5062 | D:6      | Noticed Menkaure
  5065 | D:6      | Killed Menkaure
  5065 | D:6      | Reached * piety under Okawaru
  5066 | D:6      | Reached skill level 5 in Crossbows
  5067 | D:6      | Noticed Maggie
  5069 | D:6      | Noticed Sigmund
  5276 | D:6      | Killed Maggie
  5450 | D:6      | Killed Sigmund
  5457 | D:6      | Reached skill level 6 in Crossbows
  5642 | D:6      | Noticed Grinder
  5651 | D:6      | Killed Grinder
  5651 | D:6      | Reached ** piety under Okawaru
  5770 | D:6      | Found a runed translucent gate.
  5770 | D:6      | Found a runed translucent gate.
  5770 | D:6      | Found a runed translucent gate.
  6010 | D:6      | Noticed crasatator's ghost (novice TrMo)
  6487 | D:7      | Identified the +4 chain mail of Walitita {+Blink rElec
                  | rCorr Stlth-}
  6532 | D:7      | Found Myxzaum's Book Shop.
  6615 | D:7      | Noticed Harold
  6631 | D:7      | Killed Harold
  6631 | D:7      | Reached *** piety under Okawaru
  6632 | D:7      | Reached skill level 7 in Crossbows
  6632 | D:7      | Reached XP level 10. HP: 51/53 MP: 12/12
  6668 | D:7      | Found a runed translucent door.
  6705 | D:7      | Noticed Prince Ribbit
  6728 | D:7      | Killed Prince Ribbit
  7044 | D:7      | Noticed ThereIsNoGod's ghost (novice OpFi)
  7434 | D:8      | Received a gift from Okawaru
  7520 | D:8      | Reached **** piety under Okawaru
  7658 | D:8      | Reached skill level 8 in Crossbows
  7741 | D:8      | Received a gift from Okawaru
  7853 | D:8      | Identified the +1 robe of Ysebih {rCorr}
  7877 | D:8      | Found a glowing silver altar of Zin.
  8065 | D:7      | Killed ThereIsNoGod's ghost
  8254 | D:9      | Found a staircase to the Orcish Mines.
  8471 | D:9      | Reached XP level 11. HP: 53/57 MP: 11/13
  8558 | D:9      | Found Cumafud's Hydra Hut.
  8564 | D:9      | Noticed a five-headed hydra
  8730 | D:9      | Found a runed translucent gate.
  8730 | D:9      | Found a runed translucent gate.
  8730 | D:9      | Noticed an 11-headed hydra
  8732 | D:9      | Noticed Cralpanu's ghost (novice NaFE)
  8735 | D:9      | Found a runed translucent gate.
  8959 | D:9      | Reached skill level 9 in Crossbows
  8973 | D:9      | Received a gift from Okawaru
  9589 | D:10     | Entered Level 10 of the Dungeon
 10031 | D:10     | Noticed Josephine
 10078 | D:10     | Received a gift from Okawaru
 10094 | D:10     | Killed Josephine
 10094 | D:10     | Received a gift from Okawaru
 10102 | D:10     | Reached ***** piety under Okawaru
 10103 | D:10     | Reached skill level 10 in Crossbows
 10349 | D:10     | Noticed a two-headed ogre
 10367 | D:10     | Killed a two-headed ogre
 10385 | D:10     | Found a staircase to the Lair.
 10678 | D:10     | Found a shimmering altar of Xom.
 10678 | D:10     | Found a snail-covered altar of Cheibriados.
 10915 | D:10     | Reached skill level 11 in Crossbows
 11123 | D:6      | Killed crasatator's ghost
 11123 | D:6      | Received a gift from Okawaru
 11153 | D:6      | Identified the ring of Beauty {Fire Slay+3}
 11416 | Lair:1   | Entered Level 1 of the Lair of Beasts
 11484 | D:10     | Received a gift from Okawaru
 11698 | Lair:1   | Reached skill level 12 in Crossbows
 11698 | Lair:1   | Reached XP level 12. HP: 54/62 MP: 12/14
 11772 | Lair:1   | Received a gift from Okawaru
 11999 | Lair:1   | Noticed a four-headed hydra
 12007 | Lair:1   | Killed a four-headed hydra
 12061 | Lair:1   | Found a runed translucent door.
 12293 | Lair:1   | Reached skill level 13 in Crossbows
 12428 | Lair:1   | Noticed a seven-headed hydra
 12434 | Lair:1   | Killed a seven-headed hydra
 12463 | Lair:1   | Received a gift from Okawaru
 12972 | Lair:1   | Noticed Armakuni's ghost (journeyman MfMo)
 13274 | Lair:2   | Identified the +0 kite shield of Experimentation {Str+5}
                  | (Okawaru gifted it to you on level 2 of the Lair of Beasts)
 13274 | Lair:2   | Received a gift from Okawaru
 13337 | Lair:2   | Found a staircase to the Shoals.
 13469 | Lair:2   | Reached skill level 5 in Invocations
 14197 | Lair:3   | Reached skill level 14 in Crossbows
 14268 | Lair:3   | Noticed a four-headed hydra
 14276 | Lair:3   | Killed a four-headed hydra
 14375 | Lair:3   | Found a hole to the Spider Nest.
 14637 | Lair:4   | Reached XP level 13. HP: 62/66 MP: 15/17
 15482 | Lair:5   | Reached ****** piety under Okawaru
 15591 | Lair:5   | Reached skill level 15 in Crossbows
 15634 | Lair:5   | Found a staircase to the Slime Pits.
 15743 | Lair:5   | Identified the -6 buckler of Slovenliness {Dex+4} (Okawaru
                  | gifted it to you on level 5 of the Lair of Beasts)
 15743 | Lair:5   | Received a gift from Okawaru
 16735 | Lair:6   | Entered Level 6 of the Lair of Beasts
 17277 | Lair:6   | Reached skill level 16 in Crossbows
 17625 | Lair:6   | Received a gift from Okawaru
 17642 | Lair:6   | Gained mutation: Your large and strong wings let you fly.
                  | [Gargoyle growth]
 17642 | Lair:6   | Reached XP level 14. HP: 53/72 MP: 7/20
 17741 | Lair:6   | Identified the +4 ring mail of Lucidity {Harm rF+ rC+}
 17823 | Lair:6   | Identified the +1 leather armour of Ashenzari's Hope {rElec
                  | rF++ Will- Str+2}
 17912 | Lair:6   | Received a gift from Okawaru
 18319 | Lair:6   | Reached skill level 17 in Crossbows
 18511 | Lair:6   | Identified the +1 chain mail of Depression {Rampage rCorr}
                  | (Okawaru gifted it to you on level 6 of the Lair of Beasts)
 18511 | Lair:6   | Received a gift from Okawaru
 18893 | Lair:6   | Found a runed translucent door.
 19138 | Lair:6   | Reached skill level 18 in Crossbows
 19830 | Lair:1   | Killed Armakuni's ghost
 19831 | Lair:1   | Reached skill level 1 in Armour
 19995 | D:9      | Killed Cralpanu's ghost
 20319 | D:11     | Noticed Sonja
 20321 | D:11     | Killed Sonja
 20386 | D:11     | Noticed Snorg
 20390 | D:11     | Killed Snorg
 20493 | D:11     | Identified the +1 ring mail of Agoraphobia {Dex+5} (Okawaru
                  | gifted it to you on level 11 of the Dungeon)
 20493 | D:11     | Received a gift from Okawaru
 20693 | D:11     | Reached skill level 5 in Fighting
 21094 | D:12     | Reached XP level 15. HP: 72/82 MP: 19/22
 21195 | D:12     | Found Irane's Assorted Antiques.
 21327 | D:12     | Found a runed translucent door.
 22273 | Orc:1    | Entered Level 1 of the Orcish Mines
 22381 | Orc:1    | Upgraded the game from 0.27-a0-1140-g099f9bb0e8 to
                  | 0.27-a0-1144-g0b7d3b79db
 22385 | Orc:2    | Entered Level 2 of the Orcish Mines
 22734 | Orc:2    | Found Xuxkuhuz's Distillery.
 22746 | Orc:2    | Found Cecany's Distillery.
 22767 | Orc:2    | Bought a potion of experience for 800 gold pieces
 22767 | Orc:2    | Reached XP level 16. HP: 70/96 MP: 18/23
 22879 | Orc:2    | Reached skill level 5 in Armour
 22894 | Orc:2    | Reached skill level 10 in Fighting
 23527 | Orc:2    | Reached skill level 5 in Dodging
 23833 | Orc:2    | Received a gift from Okawaru
 23847 | Orc:2    | Found Ivusenoy's Antique Armour Shoppe.
 24042 | Orc:2    | Paralysed by an orc sorcerer for 7 turns
 24229 | Orc:2    | Found a staircase to the Elven Halls.
 24299 | Orc:2    | Found Emacwagh's Weapon Boutique.
 24454 | Orc:1    | Noticed Erica
 24466 | Orc:1    | Killed Erica
 24606 | Orc:2    | Identified the +0 pair of gloves of Lethargy {rC+ Int+3
                  | Dex-3} (Okawaru gifted it to you on level 2 of the Orcish
                  | Mines)
 24606 | Orc:2    | Received a gift from Okawaru
 25073 | Orc:1    | Found Rocherus's Armour Shoppe.
 25541 | D:13     | Noticed Maurice
 25545 | D:13     | Killed Maurice
 25694 | D:13     | Noticed Urug
 25702 | D:13     | Killed Urug
 25787 | D:13     | Noticed Kirke
 25796 | D:13     | Killed Kirke
 25799 | D:13     | You are sucked into a shaft and drop 2 floors!
 25799 | D:15     | Entered Level 15 of the Dungeon
 25832 | D:15     | HP: 5/101 [fire elemental[a deep elf pyromancer] (7)]
 25833 | D:15     | Mangled by an ogre

Illustrated notes

Levels and vault maps discovered:
D:1:      minmay_arrival_widening_spiral_wide, layout_basic, serial_shops, shop,
          basic_ecumenical_altar, roderic_malta_cross
D:2:      layout_basic, st_stairs_7
D:3:      layout_basic
D:4:      layout_gridville, gammafunk_temple_overflow_claw,
          gup_sewer_entry_spiral, nicolae_ossuary_entry_catacombs
D:5:      layout_gridville, minmay_temple_entry_antechambers,
          nicolae_ossuary_entry_giza, palyth_stone_intersect,
          kennysheep_small_circle
D:6:      layout_cave_pools, gammafunk_ghost_icy, serial_column_ruins,
          column_ruins_square_medium, column_ruins_grid_1,
          column_ruins_columns_corner, column_ruins_corridor_straight,
          column_ruins_corridor_T, uniq_grinder, uniq_sigmund, uniq_maggie,
          uniq_menkaure
D:7:      layout_cave_pools, ebering_ghost_reflecting_pool, serial_shops, shop,
          uniq_prince_ribbit1, uniq_harold
D:8:      layout_cave_pools, general_overflow_altar
D:9:      layout_stronghold, hiddenorc2_lemuel, gammafunk_ghost_hydra_chop,
          doesnt_shop_hydraphobe
D:10:     layout_layer_cave, gammafunk_temple_overflow_pools, lair_entry_dummy,
          serial_bayou_lake_a, uniq_josephine
D:11:     layout_loops_cross, uniq_snorg, uniq_sonja
D:12:     layout_loops_cross, serial_shops, shop_fountains, lightli_airlock
D:13:     layout_irregular_city, uniq_rupert, uniq_urug, uniq_maurice,
          uniq_kirke
D:15:     gammafunk_enter_depths_forms, layout_long_grid,
          gauntlet_entry_generic, xom_teletrap_fun
Temple:   nicolae_temple_x_marks_the_god
Lair:1:   layout_cave_pods, ebering_ghost_inner_flame,
          kennysheep_abandoned_house, grunt_megastairs_5,
          minmay_lair_oklob_chamber
Lair:2:   layout_loops_ring, minmay_shoals_entry_centaurs,
          hangedman_lair_unloving_vines
Lair:3:   layout_long_grid, spider_nest_entry_a
Lair:4:   layout_regular_city
Lair:5:   layout_regular_city, dpeg_slime_entry_corner, kilobyte_rumbling_trees,
          serial_bayou_shore_a
Lair:6:   wormcave, layout_gridlike, hangedman_lair_caniforms_friends,
          special_room [special_room_mythical_zoo]
Orc:1:    layout_diamond_mine, serial_shops, shop_statue, uniq_erica
Orc:2:    pubby_orc_utopia, serial_shops

Skill      XL: |  1  2  3  4  5  6  7  8  9 10 11 12 13 14 15 16 |
---------------+-------------------------------------------------+-----
Staves         | 5 6 7 9 12 13 14 | 14.0
Crossbows      | 2 4 7 8 12 14 16 18 | 18.0
Invocations    | 2 3 6 9 |  9.5
Fighting       | 5 9 12 | 12.0
Armour         | 3 4 7 |  7.2
Dodging        | 3 4 6 |  6.1
Throwing       | |  1.7

Action                   |  1- 3 |  4- 6 |  7- 9 | 10-12 | 13-15 | 16-18 || total
-------------------------+-------+-------+-------+-------+-------+-------++-------
Melee: Quarterstaff      |    59 |   106 |   519 |   698 |   926 |   269 ||  2577
       Arbalest          |       |       |       |       |       |     1 ||     1
 Fire: Arbalest          |       |       |    12 |    97 |   255 |   194 ||   558
Throw: Dart              |     3 |       |       |       |       |       ||     3
       Throwing net      |     1 |       |       |       |       |       ||     1
Invok: Heroism           |       |       |       |       |     8 |     3 ||    11
       Finesse           |       |       |       |       |     8 |     3 ||    11
  Use: Scroll            |     2 |     2 |    14 |    10 |    12 |     1 ||    41
       Potion            |       |       |     2 |     1 |     3 |       ||     6
Armor: Plate armour      |    48 |    50 |   362 |       |       |       ||   460
       Steam dragon scal |       |       |    20 |       |       |       ||    20
       Chain mail        |       |       |    10 |   324 |   500 |   184 ||  1018
Dodge: Dodged            |    16 |     9 |   139 |   221 |   469 |   165 ||  1019

Table legend: (Time is in decaauts)
 A = Elapsed time spent in this place.
 B = Non-inter-level travel time spent in this place.
 C = Inter-level travel time spent in this place.
 D = Time resting spent in this place.
 E = Time spent auto-exploring this place.
 F = Levels seen in this place.
 G = Mean time per level.
                   A        B        C        D        E       F      G
               +--------+--------+--------+--------+--------+-----+--------+
         Total |  24976 |  23096 |   1880 |   4339 |  13932 |  24 | 1040.7 |
       Dungeon |  13994 |  12700 |   1294 |   2283 |   7844 |  14 |  999.6 |
        Temple |     70 |     48 |     22 |      0 |     41 |   1 |   70.0 |
          Lair |   7807 |   7384 |    423 |   1523 |   4539 |   6 | 1301.2 |
  Orcish Mines |   2771 |   2630 |    141 |    526 |   1369 |   2 | 1385.5 |
       Ossuary |    331 |    331 |      0 |      7 |    139 |   1 |  331.0 |
               +--------+--------+--------+--------+--------+-----+--------+

Top non-repeatable levels by time:
  Lair:6: 2697 daAuts
   Orc:2: 2254 daAuts
    D:10: 1823 daAuts
     D:9: 1619 daAuts
     D:6: 1590 daAuts
  Lair:1: 1548 daAuts
    D:12: 1418 daAuts
  Lair:5: 1231 daAuts
     D:5: 1184 daAuts
     D:4: 1174 daAuts
     D:7: 986 daAuts
     D:2: 981 daAuts
  Lair:2: 895 daAuts
     D:1: 889 daAuts
  Lair:4: 856 daAuts
